 Dungeon Crawl Stone Soup version 0.28-a0-1506-g3893175d92 (webtiles) character file.

Game seed: 1968616395929766192

51 siradein the Insei (level 4, -2/33 HPs)
             Began as a Djinni Transmuter on Jan 14, 2022.
             Slain by an adder (4 damage)
             ... on level 2 of the Dungeon.
             The game lasted 00:05:43 (3002 turns).

siradein the Insei (Djinni Transmuter)              Turns: 3002, Time: 00:05:44

Health: -2/33      AC:  2    Str:  9    XL:     4   Next: 7%
Gold:   11         EV: 12    Int: 16    God:
                   SH:  0    Dex: 14

rFire   + + .      SeeInvis .   b - +0 dagger (speed)
rCold   x . .      Faith    .   (no shield)
rNeg    . . .      Spirit   .   a - +0 robe
rPois   ∞          Reflect  .   (helmet currently unavailable)
rElec   .          Harm     .   (no cloak)
rCorr   .          Rampage  .   (no gloves)
Will    .....                   (boots unavailable)
Stlth   +.........              (no amulet)
HPRegen 0.11/turn               (no ring)
MPRegen 0.00/turn               (no ring)

@: appendages (expiring), flying, very slightly contaminated
A: horns 2, flying, sickness immunity, fire resistance 2, cold vulnerability 1,
float, innate caster, hp casting, extra vitality 1
a: End Transformation


You were on level 2 of the Dungeon.
You had temporarily grown beastly horns.
You visited 1 branch of the dungeon, and saw 2 of its levels.

You collected 11 gold pieces.

Inventory:

Hand Weapons
 b - a +0 dagger of speed (weapon)
Armour
 a - a +0 robe (worn)
Scrolls
 c - a scroll of fog {unknown}
 d - 2 scrolls of identify {unknown}
 e - a scroll of blinking {unknown}
 f - a scroll of teleportation {unknown}


   Skills:
 + Level 1.7 Fighting
 + Level 2.7 Dodging
 + Level 3.3 Unarmed Combat
 * Level 2.3 Spellcasting


You couldn't memorise any spells.
You knew the following spells:

 Your Spells              Type           Power      Damage    Failure   Level
a - Beastly Appendage     Tmut           18%        N/A       8%          1
b - Wereblood             Tmut           9%         N/A       12%         2
c - Spider Form           Tmut/Pois      9%         N/A       24%         3
d - Ice Form              Ice/Tmut       9%         N/A       61%         4
e - Pain                  Necr           36%        1d5       8%          1
Your spell library was empty.

Dungeon Overview and Level Annotations

Branches:
Dungeon (2/15)

Altars:


Innate Abilities, Weirdness & Mutations

You have temporarily grown beastly horns.
You are flying.
You are immune to sickness and miasma.
You are immune to poison.
Your flesh is very heat resistant. (rF++)
You are vulnerable to cold. (rC-)
You float through the air rather than walking.
You learn spells naturally, not from books.
Your magical power is your life essence.
You have superior vitality. (+4 MHP)


Message History

You are too injured to fight recklessly!
You are too injured to fight recklessly!
A ball python comes into view.
The adder bites you.
Casting: Pain (safe; 8% risk of failure)
Confirm with . or Enter, or press ? or * to list all spells.
Aiming: Pain (safe; 8% risk of failure)
Press: ? - help, Shift-Dir - straight line, f/p - adder
Aim: an adder (severely wounded, chance to affect: 69%)
You miscast Pain.
You are very lightly contaminated with residual magic.
Nothing appears to happen.
The ball python hisses angrily.
The adder bites you but does no damage.
Casting: Pain (safe; 8% risk of failure)
Confirm with . or Enter, or press ? or * to list all spells.
You grow a pair of large bovine horns.
* * * LOW HITPOINT WARNING * * *
The adder bites you.
* * * LOW HITPOINT WARNING * * *
You miss the adder.
The adder is severely wounded.
The adder barely misses you.
You miss the adder.
The adder is severely wounded.
The adder bites you.
* * * LOW HITPOINT WARNING * * *
You barely miss the adder.
The adder is severely wounded.
Your transformation is almost over.
The adder completely misses you.
You hit the adder but do no damage. Your headbutt misses the adder.
The adder is severely wounded.
The adder bites you.
* * * LOW HITPOINT WARNING * * *
Unknown command.
You barely miss the adder. Your punch misses the adder.
The adder is severely wounded.
The adder bites you.
You die...

### ####### ###.####
.......#######
###.......
.......SlS@..#
#.....####
...#...####.#####.#.###
# #..................#
#
#[.....)####.........#
# ###..#S## #######.#.#
## ...... #.#.# #.
.##..#. #.#.# #. # .#.
#.#.#####. . #.
#.#.........


You could see an adder, a ball python and a frilled lizard.

Vanquished Creatures
  A worm (D:2)
  A dart slug (D:1)
  5 bats
  8 endoplasms (D:1)
  4 goblins
  3 hobgoblins
  3 jackals (D:1)
  2 quokkas (D:1)
  2 ball pythons
  4 frilled lizards (D:1)
  5 kobolds (D:1)
  2 rats
40 creatures vanquished.

Notes
Turn   | Place    | Note
-------+----------+-------------------------------------------
     0 | D:1      | siradein the Djinni Transmuter began the quest for the Orb.
     0 | D:1      | Reached XP level 1. HP: 17/17 MP: 0/0
   149 | D:1      | Reached XP level 2. HP: 8/22 MP: 0/0
  1206 | D:1      | Reached XP level 3. HP: 24/27 MP: 0/0
  1206 | D:1      | Learned a level 1 spell: Pain
  2933 | D:2      | Reached XP level 4. HP: 29/33 MP: 0/0
  3001 | D:2      | HP: 1/33 [adder (1)]
  3002 | D:2      | Slain by an adder

Illustrated notes

Levels and vault maps discovered:
D:1:      onia_arrival_pyramid, layout_basic, minivault_24
D:2:      layout_loops_ring, item_on_display_a

Skill      XL: |  1  2 |
---------------+-------+-----
Spellcasting   | 2 |  2.3
Fighting       | |  1.7
Dodging        | |  2.7
Unarmed Combat | |  3.3

Action                   |  1- 3 |  4- 6 || total
-------------------------+-------+-------++-------
Melee: Unarmed           |    31 |       ||    31
       Headbutt          |    32 |       ||    32
       Dagger            |   133 |     5 ||   138
       Punch             |     6 |       ||     6
 Cast: Beastly Appendage |    30 |     1 ||    31
       Pain              |     2 |     7 ||     9
       Wereblood         |     1 |       ||     1
Armor: Robe              |    21 |     1 ||    22
Dodge: Dodged            |    97 |     3 ||   100

Table legend: (Time is in decaauts)
 A = Elapsed time spent in this place.
 B = Non-inter-level travel time spent in this place.
 C = Inter-level travel time spent in this place.
 D = Time resting spent in this place.
 E = Time spent auto-exploring this place.
 F = Levels seen in this place.
 G = Mean time per level.
                   A        B        C        D        E       F      G
               +--------+--------+--------+--------+--------+-----+--------+
         Total |   2956 |   2933 |     23 |    273 |   2022 |   2 | 1478.0 |
       Dungeon |   2956 |   2933 |     23 |    273 |   2022 |   2 | 1478.0 |
               +--------+--------+--------+--------+--------+-----+--------+

Top non-repeatable levels by time:
     D:1: 2466 daAuts
     D:2: 490 daAuts
